 Dungeon Crawl Stone Soup version 0.24.1 (webtiles) character file.

Game seed: 4427171770415823520, levelgen mode: deterministic

56 Destapler the Caller (level 3, -3/20 HPs)
             Began as a Tengu Summoner on Mar 31, 2020.
             Slain by an adder (4 damage)
             ... on level 3 of the Dungeon.
             The game lasted 00:16:21 (2570 turns).

Destapler the Caller (Tengu Summoner)               Turns: 2570, Time: 00:16:22

Health: -3/20      AC:  2    Str:  8    XL:     3   Next: 97%
Magic:  1/7        EV: 13    Int: 16    God:
Gold:   60         SH:  0    Dex: 14    Spells: 2/6 levels left

rFire    . . .     SeeInvis .   i - staff of death (curse)
rCold    . . .     Gourm    .   (no shield)
rNeg     + . .     Faith    .   r - +0 robe
rPois    .         Spirit   .   (helmet restricted)
rElec    .         Reflect  .   (no cloak)
rCorr    .         Harm     .   (no gloves)
MR       .....                  (boots unavailable)
Stlth    ++........             (no amulet)
HPRegen  0.06/turn              (no ring)
MPRegen  0.10/turn              (no ring)

@: very slightly contaminated
A: beak, talons 3
a: no special abilities


You were on level 3 of the Dungeon.
You were hungry.

You visited 1 branch of the dungeon, and saw 3 of its levels.

You collected 60 gold pieces.

Inventory:

Hand Weapons
 a - a +0 dagger
Missiles
 l - 8 silver javelins (quivered)
Armour
 r - a +0 robe (worn)
Magical Staves
 i - a cursed staff of death (weapon)
Scrolls
 g - 2 scrolls of remove curse {unknown}
 j - a scroll of amnesia {unknown}
Potions
 b - a potion of curing
 d - a potion of agility {unknown}
 e - a potion of heal wounds {unknown}
 f - a potion of cancellation {unknown}
 h - a potion of magic {unknown}
Comestibles
 c - 4 rations


   Skills:
 + Level 1.5 Fighting
 + Level 1.3 Short Blades
 + Level 2.9 Dodging
 + Level 2.0 Stealth
 + Level 2.4 Spellcasting
 - Level 5.0 Summonings


You had 2 spell levels left.
You knew the following spells:

 Your Spells              Type           Power        Failure   Level  Hunger
a - Call Imp              Summ           ###.....     3%          2    ###....
c - Confusing Touch       Hex            #.....       21%         1    #......
m - Summon Small Mammal   Summ           ###.         2%          1    #......

Your spell library contained the following spells:

 Spells                   Type           Power        Failure   Level  Hunger
 Call Canine Familiar     Summ           ###.....     8%          3    ###....
 Summon Guardian Golem    Hex/Summ       #.......     22%         3    ###....
 Confuse                  Hex            #.......     52%         3    ###....
 Gell's Gravitas          Tloc           #.........   52%         3    ###....
 Summon Ice Beast         Ice/Summ       #.......     56%         4    #####..
 Summon Lightning Spire   Summ/Air       #.......     56%         4    #####..
 Petrify                  Tmut/Erth      #.......     89%         4    #####..
 Metabolic Englaciation   Hex/Ice        #.........   99%         5    ######.
 Yara's Violent Unravell  Hex/Tmut       #.........   99%         5    ######.


Dungeon Overview and Level Annotations

Branches:
Dungeon (3/15)

Altars:
Okawaru
Uskayaw


Innate Abilities, Weirdness & Mutations

You have a beak for a mouth.
You have claws for feet.


Message History

Your crimson imp closely misses the adder.
You hit the adder but do no damage. You claw the adder.
The adder is moderately wounded.
The adder misses you.
Your crimson imp blinks!
The adder bites you. The worm barely misses you.
Casting: Confusing Touch (safe; 21% risk of failure)
Confirm with . or Enter, or press ? or * to list all spells.
Your hands begin to glow red.
The adder closely misses you.
Your crimson imp hits the worm.
You hit the worm but do no damage.
The worm appears confused.
You claw the worm.
The worm is heavily wounded.
The adder barely misses you.
Your crimson imp hits the worm.
The worm bites you!
Ouch! That really hurt!
* * * LOW HITPOINT WARNING * * *
The adder barely misses you. The adder bites you.
You die...

#.....######.###.##.##
#[..........>.........
#.....######.######.##
#......###.#.# #.##.##
##.###.....#.###.##.##
#.# #.###.......##.##
#.# #.#####.###.##.#
#.###.......# #.##.#
#...@######## #.##.#
##..5S.5..... #....#
#..w........ ######
#...........
#...........
#..$........
#...........
#...........
#........<..


You could see a worm (confused), an adder and 2 friendly crimson imps.

Vanquished Creatures
  A leopard gecko (D:1)
  3 bats
  A giant cockroach (D:1)
  3 goblins
  A jackal (D:1)
  2 kobolds (D:2)
  5 frilled lizards
  2 rats
18 creatures vanquished.

Vanquished Creatures (collateral kills)
  An adder (D:2)
  2 worms
  A dart slug (D:3)
  An orc (D:2)
  4 goblins
  5 hobgoblins
  5 jackals
  3 kobolds
  A quokka (D:3)
  4 bats
  4 rats
31 creatures vanquished.

Grand Total: 49 creatures vanquished

Notes
Turn   | Place    | Note
-------+----------+-------------------------------------------
     0 | D:1      | Destapler the Tengu Summoner began the quest for the Orb.
     0 | D:1      | Reached XP level 1. HP: 10/10 MP: 4/4
    95 | D:1      | Reached XP level 2. HP: 16/16 MP: 6/6
    99 | D:1      | Learned a level 2 spell: Call Imp
   226 | D:1      | Reached skill level 5 in Summonings
   378 | D:1      | Reached skill level 1 in Fighting
   972 | D:2      | Found a hide-covered altar of Uskayaw.
   983 | D:2      | Reached XP level 3. HP: 14/20 MP: 4/7
  1585 | D:2      | Reached skill level 1 in Short Blades
  1644 | D:2      | Found an iron altar of Okawaru.
  2537 | D:3      | Learned a level 1 spell: Confusing Touch
  2569 | D:3      | HP: 1/20 [worm (12)]
  2570 | D:3      | Slain by an adder

Levels and vault maps discovered:
D:1:      ncdulo_halloftheorcs, layout_loops_ring
D:2:      layout_loops_ring, okawaru_altar_gauntlet_db, lemuel_tele_altar
D:3:      layout_basic, lemuel_round_altar, minivault_26

Skill      XL: |  1  2  3 |
---------------+----------+-----
Summonings     | 5 |  5.0
Fighting       | 1 |  1.5
Short Blades   | 1 |  1.3
Dodging        | |  2.9
Stealth        | |  2.0
Spellcasting   | |  2.4

Action                   || total
-------------------------++-------
Melee: Unarmed           ||    17
       Kick              ||    13
       Peck              ||     5
       Hand axe          ||    12
       Dagger            ||     5
       Staff             ||    33
 Cast: Summon Small Mamm ||     3
       Call Imp          ||    28
       Confusing Touch   ||     2
  Use: Scroll            ||     3
 Stab: Sleeping          ||    10
       Distracted        ||     1
  Eat: Chunk             ||     6
Armor: Robe              ||    29
Dodge: Dodged            ||    85
